[Event "Early-Titled-Tuesday-Blitz-January-30-2024"]
[Site "Chess.com"]
[Date "2024.01.30"]
[Round "2"]
[White "betta2004"]
[Black "hsd2016"]
[Result "0-1"]
[WhiteElo "2520"]
[BlackElo "2299"]
[TimeControl "180+1"]
[EndTime "8:19:51 PST"]
[Termination "hsd2016 won by checkmate"]

1. d4 d5 2. Nc3 Nf6 3. Bf4 c5 4.
e3 Nc6 5. dxc5 e5 6. Bg5 Be6 7.
a3 Bxc5 8. Bb5 O-O 9. Nf3 a6 10. Bxc6 bxc6 11. Nxe5 Rc8 12. O-O h6 13. Bh4 Be7 14.
Bg3 Qb6 15. Na4 Qb5 16. c3 Ne4 17. Qc2 Nxg3 18. hxg3 Bf6 19. Nd3 d4 20. exd4 Bb3 21.
Qd2 Qxa4 22. Nc5 Qb5 23. a4 Qc4 24. Ra3 Be7 25. Nxb3 Bxa3 26. Na5 Qd5 27. c4 Qd6 28. bxa3 Qxa3 29. Qc2 Rfd8 30. Rd1 Qb4 31. Qd2 Qxa4 32.
Nb7 Qxc4 33. Nxd8 Rxd8 34. Qe3 a5 35. Kh2 a4 36. g4 Qd5 37. f3 c5 38. Qa3 cxd4 39.
Qxa4 d3 40. Rd2 Qe5+ 41. Kh3 Qe1 42. Rd1 Qe2 43. Kg3 d2 44. Qc2 Qe5+ 45. Kf2 Qd4+ 46. Ke2 Re8+ 47. Kf1 Rd8 48. Ke2 Qe5+ 49. Kf2 Qf4 50.
g3 Qd4+ 51. Kg2 Qe3 52. f4 Qe2+ 53. Kh3 h5 54. gxh5 Qxh5+ 55. Kg2 Qe2+ 56. Kh3 Rd5 57.
g4 Rd3+ 58. Kh4 Qh2+ 59. Kg5 Rd5+ 60. f5 Qh6# 0-1

[Event "Early-Titled-Tuesday-Blitz-January-30-2024"]
[Site "Chess.com"]
[Date "2024.01.30"]
[Round "2"]
[White "aa175"]
[Black "Hikaru"]
[Result "0-1"]
[WhiteElo "2681"]
[BlackElo "3303"]
[TimeControl "180+1"]
[EndTime "8:19:52 PST"]
[Termination "Hikaru won on time"]

1. d4 g6 2. e4 Bg7 3. Nc3 a6 4. a4 d6 5. f4 Nc6 6. Be3 Nf6 7.
Be2 e5 8. dxe5 dxe5 9. Qxd8+ Nxd8 10. fxe5 Nd7 11. Nd5 Ne6 12. Nf3 O-O 13. O-O-O Nxe5 14. Nxe5 Bxe5 15. h4 Re8 16. h5 b6 17. hxg6 hxg6 18.
g4 Bb7 19. g5 Bxd5 20. exd5 Nf4 21. Bc4 Bxb2+ 22. Kxb2 Rxe3 23. Rd4 Nh5 24. d6 cxd6 25. Rxd6 Kg7 26. Rxb6 Rc8 27. Bb3 a5 28. Rf1 Rc7 29.
Rb5 Ra7 30. Rd1 Re8 31. Rd6 Ng3 32. Rdd5 Rea8 33. Rd6 Nf5 34. Rf6 Rc7 35. Rfb6 Raa7 36. Rb8 Nd4 37. Rd5 Ne6 38. Re5 Rc5 39. Rxc5 Nxc5 40. Rb5 Ne4 41. c4 Kf8 42. Kc2 Rd7 43. Rxa5 Rd2+ 44. Kc1 Rg2 45. Bc2 Nxg5 46. c5 Ne6 47. c6 Ke7 48. Rd5 Rg4 49. Rd7+ Kf6 50. c7 Rc4 51. a5 Rxc7 52. Rxc7 Nxc7 53. Bd3 Ke5 54. a6 Kd4 55. Be2 Ke3 56. Bc4 f5 57. a7 g5 58. Kd1 Kf2 59. Bd5 g4 60. Kd2 f4 0-1

[Event "Early-Titled-Tuesday-Blitz-January-30-2024"]
[Site "Chess.com"]
[Date "2024.01.30"]
[Round "2"]
[White "CristianS27"]
[Black "HamedWafa4"]
[Result "0-1"]
[WhiteElo "2555"]
[BlackElo "2810"]
[TimeControl "180+1"]
[EndTime "8:19:52 PST"]
[Termination "HamedWafa4 won by resignation"]

1. e4 e5 2. Nf3 Nc6 3. Bc4 Bc5 4. c3 Nf6 5. d4 exd4 6. cxd4 Bb4+ 7. Nc3 Nxe4 8. O-O Bxc3 9. d5 Ne5 10. bxc3 Nxc4 11.
Qd4 O-O 12. Qxe4 Nd6 13. Qd3 b5 14. Re1 Qf6 15. Bg5 Qf5 16. Qxf5 Nxf5 17. g4 Nd6 18. Be7 Bb7 19. Bxf8 Kxf8 20. Rad1 a6 21. Ne5 Rd8 22. Rd4 f6 23. Nd3 Nc4 24. Nc5 Bc8 25. f4 Kf7 26. Rde4 Nb6 27. Re7+ Kf8 28. d6 cxd6 29. Nb3 Nd5 30.
R7e4 Nxc3 31. Rd4 d5 32. Re3 Na4 33. Rxd5 Nb6 34. Rc5 d6 35. Rc7 Nd5 36. Rxc8 Rxc8 37. Rd3 Nxf4 38. Rxd6 Ra8 39. Kf2 Ke7 40. Rb6 Ne6 41.
Rb7+ Kd6 42. Na5 Nc7 43. Rb6+ Kd7 44. Nb7 a5 45. Nc5+ Ke7 46. Kf3 b4 47. Ke4 Ra7 48. h4 Ne8 49. Kd5 g6 50. Kc6 Rc7+ 51. Kd5 Ra7 52. Kc6 f5 53. gxf5 gxf5 54. Kb5 f4 55.
Nd3 f3 56. Ra6 Rd7 57. Nf2 Rd5+ 58. Kc4 Rd2 59. Ra7+ Ke6 60. Ne4 Nd6+ 61. Nxd6 Rxd6 0-1

[Event "Early-Titled-Tuesday-Blitz-January-30-2024"]
[Site "Chess.com"]
[Date "2024.01.30"]
[Round "2"]
[White "Luklei18"]
[Black "Sattarov_Bobur"]
[Result "1-0"]
[WhiteElo "2474"]
[BlackElo "2766"]
[TimeControl "180+1"]
[EndTime "8:19:52 PST"]
[Termination "Luklei18 won by resignation"]

1. d4 Nf6 2. Nc3 d5 3. Bf4 c5 4. e4 Nxe4 5. Nxe4 dxe4 6. dxc5 Qa5+ 7. c3 Qxc5 8. Qa4+ Nc6 9. Qxe4 g6 10. Nf3 Bg7 11. Qe3 Qxe3+ 12. Bxe3 O-O 13. O-O-O Be6 14. Kb1 a6 15. Ng5 Bf5+ 16. Bd3 Bxd3+ 17. Rxd3 Rfd8 18. Rhd1 Rxd3 19. Rxd3 Rd8 20. Rxd8+ Nxd8 21. Ne4 Ne6 22. Nc5 Nxc5 23. Bxc5 e5 24. Kc2 f5 25. f3 Kf7 26.
Kd3 Ke6 27. b4 b5 28. c4 h5 29. h3 Bh6 30. Kc3 Bg7 31. Kb3 e4 32. fxe4 fxe4 33. a4 Bh6 34. axb5 axb5 35. cxb5 e3 36. Kc3 e2 37.
Bf2 Bf8 38. Kd3 Bxb4 39. Kxe2 Kd5 40. Kf3 Bd6 41. g4 Bb8 42. gxh5 gxh5 43. Be3 Kc4 44.
b6 Kd5 45. Bf4 Kc6 46. Bxb8 Kxb6 47. Kf4 Kc6 48. Be5 Kb7 49. Kg5 Kc8 50. Kxh5 Kd7 51.
Kg6 Ke8 52. Bg7 1-0

[Event "Early-Titled-Tuesday-Blitz-January-30-2024"]
[Site "Chess.com"]
[Date "2024.01.30"]
[Round "2"]
[White "ExchangeAB"]
[Black "CaspiIsrael"]
[Result "1/2-1/2"]
[WhiteElo "2460"]
[BlackElo "2749"]
[TimeControl "180+1"]
[EndTime "8:19:53 PST"]
[Termination "Game drawn - insufficient material"]

1. d4 f5 2. Nf3 Nf6 3. Bg5 e6 4. Nc3 d5 5. e3 Be7 6. Be2 O-O 7.
O-O Ne4 8. Bxe7 Qxe7 9. Qe1 Bd7 10. Ne5 Nc6 11. Nxc6 Bxc6 12. f4 Nd6 13. b3 a5 14.
a4 b6 15. Rf3 Bb7 16. Qf1 c5 17. Nb5 Rac8 18. Nxd6 Qxd6 19. Qd1 Rc7 20. Rg3 cxd4 21. Qxd4 Qc5 22. Bd3 g6 23. h4 Qxd4 24. exd4 Kf7 25. Re1 Kf6 26. h5 Rg7 27. hxg6 hxg6 28. Kf2 Rh8 29.
Rge3 Re7 30. Kg1 Rh6 31. c4 g5 32. fxg5+ Kxg5 33. cxd5 Bxd5 34. Bc4 Be4 35. Bd3 Bxd3 36. Rxd3 Reh7 37. d5 Rh1+ 38. Kf2 Rxe1 39. Kxe1 e5 40. d6 Rd7 41. Rd5 Kf6 42. Rb5 Rxd6 43. b4 axb4 44.
Rxb4 Kg5 45. Ke2 e4 46. Ke3 Rd3+ 47. Ke2 Rg3 48. Kf2 Ra3 49. Rxb6 Rxa4 50. Rb8 Ra2+ 51. Kg3 Ra3+ 52. Kf2 Kf4 53. Rb2 Rc3 54. Ra2 Kg4 55. Rb2 f4 56. Rb8 Rc2+ 57. Kf1 Rc1+ 58. Ke2 Kg3 59. Rg8+ Kh2 60. Rg4 Rc2+ 61. Kf1 Rc1+ 62.
Ke2 Rc2+ 63. Kf1 f3 64. gxf3 exf3 65. Rg8 Ra2 66. Rg7 Kh3 67. Rg8 Rg2 68. Rh8+ Kg3 69.
Rg8+ Kh2 70. Rh8+ Kg3 71. Rg8+ Kh3 72. Rh8+ Kg4 73. Rg8+ Kf4 74. Rxg2 fxg2+ 75. Kxg2 1/2-1/2

[Event "Early-Titled-Tuesday-Blitz-January-30-2024"]
[Site "Chess.com"]
[Date "2024.01.30"]
[Round "2"]
[White "Eagle_2019"]
[Black "biostatistician"]
[Result "1-0"]
[WhiteElo "2805"]
[BlackElo "2553"]
[TimeControl "180+1"]
[EndTime "8:19:54 PST"]
[Termination "Eagle_2019 won by resignation"]

1. d4 Nf6 2. Nc3 d5 3. Bf4 Bf5 4. e3 e6 5. Bd3 Bxd3 6. Qxd3 Nc6 7. Nge2 Bd6 8. O-O-O Bxf4 9. Nxf4 Qd7 10. Qe2 O-O-O 11.
Nd3 b6 12. Ne5 Nxe5 13. dxe5 Ne8 14. e4 c6 15. h4 Kb7 16. Rh3 d4 17. f4 Nc7 18.
Nb1 c5 19. Nd2 Qc6 20. Nc4 Rd7 21. Rb3 Ka8 22. Kb1 Rb8 23. h5 b5 24. Nd6 a6 25. c4 b4 26. a3 Qa4 27. Qc2 Ne8 28. Nxe8 Rxe8 29. axb4 cxb4 30. c5 Qb5 31. c6 Rc7 32.
Rxd4 Rxc6 33. Qd3 Qxd3+ 34. Rbxd3 Rec8 35. Rxb4 Rc1+ 36. Ka2 R1c2 37. Rd7 R8c7 38. Rxc7 Rxc7 39. Rd4 Kb7 40. Rd8 Rc2 41. Rg8 g6 42. h6 Rxg2 43. Rg7 Rh2 44. Rxf7+ Kc6 45. Rxh7 Kc5 46. Re7 Rxh6 47.
Rxe6 Rh4 48. Rxg6 Rxf4 49. Rxa6 Rxe4 50. Re6 Re3 51. Kb1 Re2 52. Ka2 Kd5 53. Re8 Re3 54. e6 Kc4 55. e7 1-0

[Event "Early-Titled-Tuesday-Blitz-January-30-2024"]
[Site "Chess.com"]
[Date "2024.01.30"]
[Round "2"]
[White "DrCeltic"]
[Black "Byniolus"]
[Result "0-1"]
[WhiteElo "2562"]
[BlackElo "2823"]
[TimeControl "180+1"]
[EndTime "8:19:57 PST"]
[Termination "Byniolus won by resignation"]

1. e4 d6 2. d4 Nf6 3. Nc3 c6 4.
a4 a5 5. Nf3 Bg4 6. h3 Bh5 7.
Bc4 e6 8. Qe2 Be7 9. O-O d5 10.
Bb3 dxe4 11. Nxe4 Bxf3 12. Qxf3 Qxd4 13. Ng5 h6 14. Be3 Qb4 15. Nxe6 fxe6 16. Bxe6 Nbd7 17. Rfe1 Nf8 18. Bf5 Kf7 19. c3 Qb3 20. Bd4 Re8 21. Bxf6 Bxf6 22. Rxe8 Kxe8 23. Qf4 Kf7 24. Re1 g6 25.
Qc7+ Kg8 26. Bc8 Rh7 27. Qd6 Rf7 28. Re8 Kg7 29. Bg4 h5 30. Bf3 Qxb2 31. Rb8 Qxc3 32. Re8 Qa1+ 33. Kh2 Qd4 34. Qb8 b5 35. axb5 cxb5 36.
Re2 g5 37. Qe8 Qf4+ 38. Kg1 Qc1+ 39. Re1 Qc7 40. Bd5 Re7 41. Rxe7+ Qxe7 42. Qxb5 Qe1+ 43. Kh2 Be5+ 44. g3 Qxf2+ 45. Bg2 Bxg3+ 46. Kh1 Qe1+ 47. Bf1 Qe5 48. Qb7+ Kh6 49. Qa6+ Ng6 50. Bd3 Qd6 51. Qxa5 Qxd3 52. h4 Qf3+ 53. Kg1 Qf2+ 0-1

[Event "Early-Titled-Tuesday-Blitz-January-30-2024"]
[Site "Chess.com"]
[Date "2024.01.30"]
[Round "2"]
[White "jjlai1111"]
[Black "bulletteemo"]
[Result "1-0"]
[WhiteElo "2302"]
[BlackElo "2519"]
[TimeControl "180+1"]
[EndTime "8:19:58 PST"]
[Termination "jjlai1111 won by resignation"]

1. d4 g6 2. c4 Bg7 3. e4 d6 4. Nc3 c5 5. Nf3 Bg4 6. Be3 Nc6 7. d5 Nd4 8. Be2 Nxe2 9. Qxe2 Nf6 10. h3 Bxf3 11.
Qxf3 O-O 12. O-O Nd7 13. Qe2 a6 14. f4 Rb8 15. g4 Qa5 16. Bd2 Qc7 17. Kg2 Qd8 18. Rh1 b5 19. cxb5 axb5 20. Nxb5 Bxb2 21. Rab1 Bg7 22. h4 c4 23. Qxc4 Nc5 24. e5 Qd7 25. Kg3 Rfc8 26. e6 fxe6 27. dxe6 Qxe6 28. Qxe6+ Nxe6 29. Rhe1 Kf7 30. f5 gxf5 31. gxf5 Nc5 32.
Bg5 Be5+ 33. Kf3 Ra8 34. Re2 Na4 35. Rb4 Rc5 36. Kg4 Ra5 37. Nd4 Nc3 38. Re3 Nd5 39.
Rb7 Bxd4 40. Rexe7+ Nxe7 41. Rxe7+ Kf8 42. f6 Rxg5+ 43.
hxg5 Rxa2 44. Rxh7 Be5 45. Kf5 Rf2+ 46. Ke6 Kg8 47. Rb7 Bxf6 48. gxf6 d5 49. Rb8+ Kh7 50. f7 Kg7 51. Rg8+ Kh7 52. f8=Q 1-0

[Event "Early-Titled-Tuesday-Blitz-January-30-2024"]
[Site "Chess.com"]
[Date "2024.01.30"]
[Round "2"]
[White "GiorgianBarbosa"]
[Black "Doublekk14"]
[Result "1/2-1/2"]
[WhiteElo "2505"]
[BlackElo "2250"]
[TimeControl "180+1"]
[EndTime "8:19:58 PST"]
[Termination "Game drawn - insufficient material"]

1. e4 c5 2. Nf3 e6 3. b3 d6 4.
Bb2 e5 5. Bc4 h6 6. h3 Nf6 7.
Nc3 Be7 8. O-O O-O 9. a4 Nc6 10.
d3 Nd4 11. Nh2 Be6 12. f4 Bxc4 13. bxc4 exf4 14. Rxf4 Nd7 15. Nd5 Bg5 16. Rf1 Ne5 17. Bxd4 cxd4 18. Nf3 Nc6 19. g3 f5 20. exf5 Rxf5 21.
Qe2 Qe8 22. Qxe8+ Rxe8 23. g4 Rf7 24. Nxg5 hxg5 25. Rxf7 Kxf7 26. Rf1+ Kg6 27. Kf2 Ne5 28. Rb1 b6 29. a5 Rf8+ 30. Ke2 bxa5 31. Rb7 Rf3 32.
Ne7+ Kh7 33. Nf5 Rxh3 34. Rxg7+ Kh8 35. Rxa7 Rh2+ 36. Kd1 Rh1+ 37. Kd2 Rh2+ 38. Kc1 Nxg4 39. Nxd6 Ne3 40. Nf7+ Kg8 41. Nxg5 Rxc2+ 42. Kb1 Rd2 43. c5 Rxd3 44. c6 Rc3 45. c7 d3 46. Ra8+ Kg7 47.
c8=Q Rxc8 48. Rxc8 d2 49. Rd8 d1=Q+ 50. Rxd1 Nxd1 51.
Ka2 Nc3+ 52. Ka3 Ne4 53. Ka4 Nxg5 54. Kxa5 1/2-1/2

[Event "Early-Titled-Tuesday-Blitz-January-30-2024"]
[Site "Chess.com"]
[Date "2024.01.30"]
[Round "2"]
[White "Hongjin"]
[Black "Mikayel99"]
[Result "1-0"]
[WhiteElo "2807"]
[BlackElo "2555"]
[TimeControl "180+1"]
[EndTime "8:19:59 PST"]
[Termination "Hongjin won by resignation"]

1. d4 d5 2. Nf3 Nf6 3. c4 e6 4. Nc3 c5 5. cxd5 Nxd5 6. e3 a6 7. Bd3 Nc6 8. O-O cxd4 9. exd4 Be7 10. Re1 O-O 11. Qe2 h6 12. Bd2 b5 13. Rac1 Bb7 14.
Ne4 Ndb4 15. Bb1 Nxd4 16. Nxd4 Qxd4 17. Bc3 Qd5 18. Qg4 f6 19. Red1 h5 20. Qg6 Qf5 21. Nxf6+ Rxf6 22. Bxf5 Rxg6 23. Bxg6 Nd5 24. Be5 a5 25.
Be4 Rf8 26. Bxd5 Bxd5 27. Rc7 Bf6 28. Bxf6 Rxf6 29. b3 a4 30. bxa4 bxa4 31. Rd4 Bxa2 32. Rxa4 Bd5 33. f3 Kh7 34. Kf2 Kh6 35. Raa7 Rg6 36.
h4 Kh7 37. Re7 Kh6 38. Rac7 Kh7 39. Rcd7 Kh6 40. Rd8 Rf6 41. Rc7 Rf4 42. Rh8+ Kg6 43. Rg8 Rxh4 44. Rgxg7+ Kf6 45. Rcf7+ Ke5 46. Rg5+ Kd6 47.
Rh7 Ra4 48. Rhxh5 Ra2+ 49. Kg3 Ra8 50. Rg6 Ra2 51. Rh7 Ke5 52. Rh5+ Kd6 53. Rh1 Ke5 54. Re1+ Kf5 55. Rg4 Rb2 56. Rf4+ Kg5 57. Rd4 Kf5 58. Re3 Ra2 59. Rf4+ Kg6 60. Re5 Ra8 61. Rd4 Ra5 62. Kf4 Kf6 63. Rh5 Ra2 64. g4 Re2 65. Rdxd5 exd5 66. Rxd5 Re6 67. Rf5+ Kg6 68. Rg5+ Kf6 69. Rb5 Ra6 70.
g5+ Kg6 71. Kg4 Rc6 72. f4 Kg7 73. f5 Rc7 74. Kh5 Ra7 75. Rb6 Rc7 76. Rh6 Rc1 77.
f6+ Kf7 78. Rh7+ Kg8 79. Rg7+ Kh8 80. Rd7 Rc8 81. Kh6 Ra8 82. Rh7+ Kg8 83. f7+ Kf8 84. Rh8+ Kxf7 85. Rxa8 1-0

[Event "Early-Titled-Tuesday-Blitz-January-30-2024"]
[Site "Chess.com"]
[Date "2024.01.30"]
[Round "2"]
[White "lacafi"]
[Black "Aygehovit1992"]
[Result "0-1"]
[WhiteElo "2237"]
[BlackElo "2692"]
[TimeControl "180+1"]
[EndTime "8:19:59 PST"]
[Termination "Aygehovit1992 won on time"]

1. d4 Nf6 2. Nf3 g6 3. c4 Bg7 4.
Nc3 d6 5. e4 O-O 6. Be2 e5 7.
dxe5 dxe5 8. O-O Bg4 9. Bg5 Bxf3 10. Bxf3 c6 11. Qc2 Na6 12. Rfd1 Qe7 13. a3 Nc5 14. b4 Ne6 15. Be3 a5 16. Na4 Nd4 17. Bxd4 exd4 18. Nb6 Ra6 19. c5 axb4 20. axb4 Rxa1 21. Rxa1 Ng4 22.
Rd1 Ne5 23. Be2 Rd8 24. Bd3 Qg5 25. Kf1 h5 26. Qd2 Qh4 27. h3 Kh7 28. Qe2 Qf4 29. g3 Qf6 30. Kg2 h4 31. f4 Nxd3 32. Rxd3 hxg3 33.
Kxg3 Bh6 34. Qg4 Qe7 35. e5 f6 36. Nc4 Rf8 37. e6 f5 38. Qe2 Rf6 39. Rxd4 Rxe6 40. Qd3 Bg7 41. Rd7 Qe8 42. Ne5 Rxe5 43. fxe5 Qxe5+ 44. Kg2 Qb2+ 45. Qd2 Qe5 46. h4 Qe4+ 47. Kg3 Qe5+ 48.
Kg2 f4 49. Qd6 Qe2+ 50. Kh3 Qf3+ 51. Kh2 Qg3+ 52. Kh1 Qxh4+ 53. Kg2 Qg3+ 54. Kf1 Qf3+ 55.
Kg1 Qe3+ 56. Kg2 f3+ 57. Kg3 f2+ 0-1

[Event "Early-Titled-Tuesday-Blitz-January-30-2024"]
[Site "Chess.com"]
[Date "2024.01.30"]
[Round "2"]
[White "Chessdreamer2001"]
[Black "Ezov"]
[Result "1-0"]
[WhiteElo "2507"]
[BlackElo "2209"]
[TimeControl "180+1"]
[EndTime "8:20:00 PST"]
[Termination "Chessdreamer2001 won on time"]

1. e4 e6 2. d4 d5 3. Nd2 Nf6 4. e5 Nfd7 5. Bd3 c5 6. c3 Nc6 7.
Ngf3 Qb6 8. O-O cxd4 9. cxd4 Nxd4 10. Nxd4 Qxd4 11. Nf3 Qb4 12. a3 Qa5 13. Bd2 Qd8 14. Qa4 Be7 15. Qg4 g6 16. Bh6 Bf8 17. Qf4 Qe7 18. Bg5 Qc5 19. Rac1 Qb6 20. Bf6 Nxf6 21.
Qxf6 Rg8 22. Ng5 Rg7 23. b4 a6 24. Rc2 Qd8 25. Rfc1 Bd7 26. Nf3 Qxf6 27. exf6 Rg8 28. Rc7 Bc6 29. Ng5 h6 30. Nxf7 Rd8 31. Nxd8 Kxd8 32.
Rh7 h5 33. f7 Rg7 34. Rxg7 Bxg7 35. Bxg6 Ke7 36. Bxh5 Bb2 37. Rc2 Bxa3 38. Rc3 Bxb4 39.
Rg3 Kf6 40. Rg8 d4 41. f8=Q+ Bxf8 42. Rxf8+ Ke5 43. Rd8 Bd5 44. Bg6 b5 45. h4 b4 46. h5 b3 47. h6 Kf6 48. Bd3 1-0

[Event "Early-Titled-Tuesday-Blitz-January-30-2024"]
[Site "Chess.com"]
[Date "2024.01.30"]
[Round "2"]
[White "Kotofeyca"]
[Black "Incognito_Knight"]
[Result "1/2-1/2"]
[WhiteElo "2396"]
[BlackElo "2735"]
[TimeControl "180+1"]
[EndTime "8:20:03 PST"]
[Termination "Game drawn by stalemate"]

1. d4 d5 2. c4 e6 3. Nc3 a6 4.
cxd5 exd5 5. Nf3 c6 6. Bg5 Be7 7. Bxe7 Nxe7 8. e3 O-O 9. Bd3 Bf5 10. O-O Nd7 11. b4 Bxd3 12. Qxd3 b5 13. e4 dxe4 14. Nxe4 Nd5 15. a3 f5 16. Nc3 Qf6 17. Rfe1 Rfe8 18. Kf1 g6 19. Nxd5 cxd5 20. Rxe8+ Rxe8 21. Re1 Re4 22. Rc1 Nb6 23. Rc5 Qe6 24. g3 Nc4 25. Kg2 Re2 26.
Ne5 Ra2 27. Qf3 Nxe5 28. dxe5 Qxe5 29. Rxd5 Qe4 30. Qxe4 fxe4 31. Re5 Rxa3 32. Rxe4 Ra4 33.
Kf3 Kg7 34. h4 Kf6 35. Ke3 h5 36. f3 Ra3+ 37. Kf4 Ra4 38. g4 hxg4 39. fxg4 Ra1 40. g5+ Kf7 41. Ke5 Ra4 42. Kd5 Ra1 43. Kc5 Ra4 44.
Kb6 a5 45. Kxb5 Rxb4+ 46. Rxb4 axb4 47. Kxb4 Ke6 48. Kc5 Kf5 49. Kd5 Kg4 50. Ke4 Kxh4 51. Kf4 Kh5 52. Kf3 Kh4 53. Kf4 Kh5 54. Kf3 Kxg5 55.
Kg3 Kf5 56. Kf3 g5 57. Kg3 g4 58. Kg2 Kf4 59. Kf2 Kg5 60. Kg3 Kf5 61. Kg2 Kf4 62.
Kf2 g3+ 63. Kg2 Kg4 64. Kg1 Kf3 65. Kf1 g2+ 66. Kg1 Kg3 1/2-1/2

[Event "Early-Titled-Tuesday-Blitz-January-30-2024"]
[Site "Chess.com"]
[Date "2024.01.30"]
[Round "2"]
[White "unclear15"]
[Black "Nikolakis2014"]
[Result "0-1"]
[WhiteElo "2401"]
[BlackElo "2753"]
[TimeControl "180+1"]
[EndTime "8:20:03 PST"]
[Termination "Nikolakis2014 won on time"]

1. e4 c5 2. Nf3 Nc6 3. Bb5 g6 4. Bxc6 dxc6 5. d3 Bg7 6. Nc3 c4 7. O-O cxd3 8. cxd3 Bg4 9. h3 Bxf3 10. Qxf3 Nf6 11. e5 Nd5 12. e6 O-O 13. exf7+ Rxf7 14. Qe4 Nxc3 15. bxc3 Bxc3 16. Rb1 e5 17. Qc4 Bd4 18. Rxb7 Qd5 19. Qxd5 cxd5 20. Rxf7 Kxf7 21. Be3 Bxe3 22. fxe3+ Ke6 23. Rb1 Rc8 24. Rb7 Rc3 25. Rxa7 Rxd3 26. Kf2 h5 27. Ra6+ Kf5 28. Ke2 e4 29. Rd6 g5 30. a4 g4 31. hxg4+ hxg4 32. a5 Ke5 33. Rd8 Ra3 34. Re8+ Kd6 35. Rd8+ Kc6 36. Rg8 Ra2+ 37. Ke1 Rxa5 38. Rxg4 Kc5 39. Rg8 Kc4 40. Kf2 Kd3 41. Kg3 Kxe3 42. Kh4 d4 43. g4 d3 44.
g5 d2 45. Rd8 Ke2 46. g6 Ra1 47. g7 Rh1+ 48. Kg5 Rg1+ 49. Kf6 e3 50. g8=Q Rxg8 51.
Rxg8 d1=Q 52. Rg2+ Kf3 53. Rg6 Qd6+ 54. Kf7 Qxg6+ 55. Kxg6 e2 56. Kf5 e1=Q 0-1

[Event "Early-Titled-Tuesday-Blitz-January-30-2024"]
[Site "Chess.com"]
[Date "2024.01.30"]
[Round "2"]
[White "Ducke13"]
[Black "jeetjain"]
[Result "0-1"]
[WhiteElo "2282"]
[BlackElo "2536"]
[TimeControl "180+1"]
[EndTime "8:20:03 PST"]
[Termination "jeetjain won by checkmate"]

1. d4 Nf6 2. g3 c5 3. d5 g6 4. c4 Bg7 5. Nc3 O-O 6. Nf3 e6 7. Bg2 exd5 8. cxd5 a6 9. a4 d6 10. O-O b6 11. Re1 Re8 12. h3 Ne4 13. Ra3 Bb7 14. Nd2 Nxc3 15. bxc3 b5 16. Qb3 Qd7 17. Bb2 c4 18.
Qc2 Qc7 19. Ba1 Nd7 20. Rb1 Qc5 21. Ra2 Bxd5 22. e4 Bc6 23. axb5 axb5 24. Rxa8 Rxa8 25.
Nf3 Nb6 26. Nd4 Bd7 27. e5 d5 28. e6 fxe6 29. Re1 e5 30. Nf3 e4 31. Nd4 Bxd4 32. cxd4 Qa3 33. Bxe4 dxe4 34. Qxe4 Re8 35. Qb1 c3 36. Rxe8+ Bxe8 37. d5 Nxd5 38. Qe1 Bf7 39. Kh2 b4 40. h4 Qa2 41. Kg2 Qd2 42. Qe5 Ne3+ 43. Qxe3 Qxe3 44. fxe3 Bd5+ 45. Kf2 Be4 46. Ke2 Kf7 47. Kd1 Ke6 48. Ke2 Kd5 49. Kd1 Kc4 50. Kc1 Kb3 51. g4 Ka2 52. Bxc3 bxc3 53. h5 g5 54. h6 Kb3 55. Kd1 Kb2 56. Ke2 c2 57. Kf2 c1=Q 58. Kg3 Qg1+ 59. Kh3 Qg2# 0-1

[Event "Early-Titled-Tuesday-Blitz-January-30-2024"]
[Site "Chess.com"]
[Date "2024.01.30"]
[Round "2"]
[White "leotobares"]
[Black "Witik"]
[Result "0-1"]
[WhiteElo "2352"]
[BlackElo "2677"]
[TimeControl "180+1"]
[EndTime "8:20:06 PST"]
[Termination "Witik won by resignation"]

1. e4 c6 2. d4 d5 3. exd5 cxd5 4. Bd3 Nf6 5. c3 Bg4 6. Qb3 Qc7 7. Nd2 Nc6 8. Ngf3 e6 9. O-O Bd6 10. Re1 O-O 11. h3 Bh5 12. Be2 Rab8 13. Qd1 Rfc8 14.
Ne5 Bxe5 15. dxe5 Qxe5 16. Nf3 Qc7 17. Bg5 Ne4 18. Bh4 Qf4 19. g3 Qc7 20. g4 Bg6 21.
Nd2 Qb6 22. Bf3 Qxb2 23. Nxe4 dxe4 24. Bxe4 Bxe4 25. Rxe4 Qxc3 26. Bg3 Rd8 27. Qb1 Rbc8 28. Re3 Qf6 29. Qf1 Rd5 30. Rb1 Qe7 31. Reb3 Na5 32. Rb5 Rxb5 33. Qxb5 b6 34. Rd1 h6 35. Rd7 Qe8 36. Qd3 Nc6 37. Bc7 a6 38. Qd6 Ne5 39.
Re7 Nf3+ 40. Kg2 Ne1+ 41. Kf1 Qa4 42. Kxe1 Qxa2 43. Rd7 Qb1+ 44. Ke2 Qe4+ 45. Kf1 Qh1+ 46. Ke2 Qxh3 47. Rd8+ Rxd8 48. Qxd8+ Kh7 49. Qd3+ Qxd3+ 50.
Kxd3 b5 51. f3 g5 52. Kc3 Kg6 53. Kb4 h5 54. gxh5+ Kxh5 55. Kc3 g4 56. fxg4+ Kxg4 57. Kd4 f6 58. Ba5 Kf5 59. Ke3 e5 60. Bb4 Ke6 61.
Ba5 Kd5 62. Be1 f5 63. Ba5 Kc4 64. Bc7 e4 65. Kf4 b4 66. Kxf5 Kd3 67. Ba5 b3 68.
Bd8 b2 0-1

[Event "Early-Titled-Tuesday-Blitz-January-30-2024"]
[Site "Chess.com"]
[Date "2024.01.30"]
[Round "2"]
[White "Chessdreamer2020"]
[Black "TreinadorBR"]
[Result "1-0"]
[WhiteElo "2547"]
[BlackElo "2321"]
[TimeControl "180+1"]
[EndTime "8:20:08 PST"]
[Termination "Chessdreamer2020 won by resignation"]

1. e4 c5 2. Nf3 d6 3. d4 cxd4 4. Qxd4 Nc6 5. Qe3 a6 6. h3 Nf6 7. Be2 e6 8. O-O Be7 9. Rd1 Qc7 10. c4 O-O 11. Nc3 Ne5 12. b3 b5 13. Bb2 bxc4 14.
Nxe5 dxe5 15. Bxc4 Bb7 16. Rac1 Qa5 17. Kh2 Rfd8 18.
f3 Nh5 19. Na4 h6 20. Bc3 Bb4 21. Bxb4 Qxb4 22. Nb6 Rab8 23. Nd7 Rbc8 24. Nxe5 Qe7 25. g4 Qc7 26. f4 Rxd1 27. Rxd1 Nf6 28. Rd4 g5 29. Nd3 h5 30. e5 Nd5 31. Qg3 h4 32. Qg1 Nxf4 33. Nxf4 Qxe5 34. Qf2 gxf4 35. Rxf4 Rc7 36.
Qd4 Qxd4 37. Rxd4 Kg7 38. Rd6 a5 39. Kg1 a4 40. Kf2 axb3 41. axb3 Kf6 42. Ke3 Ke5 43. Rb6 f5 44. Rb5+ Kf6 45. gxf5 exf5 46. Rb6+ Ke5 47. Rb5+ Kf6 48. Kf4 Bc8 49. Rb6+ Ke7 50. Rh6 Bd7 51. Rxh4 Ra7 52. Rh7+ Kd6 53. Bb5 Ra1 54. Rxd7+ Kc5 55. Bc4 Rd1 56. Rxd1 Kb4 57. h4 Kc3 58. h5 Kc2 59.
Rg1 Kd2 60. h6 1-0

[Event "Early-Titled-Tuesday-Blitz-January-30-2024"]
[Site "Chess.com"]
[Date "2024.01.30"]
[Round "2"]
[White "ShiroglanTalibov"]
[Black "Herzog2012"]
[Result "0-1"]
[WhiteElo "2777"]
[BlackElo "2564"]
[TimeControl "180+1"]
[EndTime "8:20:10 PST"]
[Termination "Herzog2012 won by checkmate"]

1. e4 e5 2. Nf3 Nc6 3. Bb5 Nf6 4. d3 Bc5 5. Bxc6 bxc6 6. Nxe5 d5 7. d4 Bb6 8. exd5 Qxd5 9. O-O Bxd4 10.
Nf3 Bb6 11. Re1+ Be6 12. Qxd5 cxd5 13. Ng5 Kd7 14. Be3 h6 15. Nf3 c5 16. c3 Ng4 17.
Bf4 g5 18. Bg3 Bc7 19. Bxc7 Kxc7 20. h3 Nf6 21. Nbd2 Rhe8 22. a3 Rad8 23. b4 d4 24. Rac1 d3 25. bxc5 Nd7 26. c6 Nc5 27. Nd4 Bd5 28.
f3 Bxc6 29. Kf2 Rb8 30. Rxe8 Rxe8 31. Rb1 a6 32. Rb4 Bd7 33. Rc4 Kd6 34. Rb4 f5 35. Rb6+ Kc7 36. Rxh6 Rb8 37. g3 Rb2 38. Ke3 f4+ 39.
gxf4 gxf4+ 40. Kxf4 Rxd2 41. Rh5 Kd6 42. Ke3 Rd1 43.
c4 Ne6 44. Rd5+ Ke7 45. Nf5+ Kd8 46. h4 Re1+ 47. Kf2 Re2+ 48. Kg3 d2 49. h5 Kc7 50. h6 Nf8 51. Nh4 Ba4 52. Rf5 d1=Q 53. Rxf8 Qg1+ 54. Kf4 Qh2+ 55. Kg4 Bd7+ 56. Kg5 Re5+ 57.
Kg6 Qxh4 58. h7 Rg5+ 59. Kf7 Qxh7+ 60. Kf6 Rf5# 0-1

[Event "Early-Titled-Tuesday-Blitz-January-30-2024"]
[Site "Chess.com"]
[Date "2024.01.30"]
[Round "2"]
[White "vladoboch"]
[Black "AlexeiShirov"]
[Result "1-0"]
[WhiteElo "2474"]
[BlackElo "2748"]
[TimeControl "180+1"]
[EndTime "8:20:10 PST"]
[Termination "vladoboch won on time"]

1. e4 e5 2. Nf3 Nc6 3. Bc4 Nf6 4. d3 h6 5. O-O g5 6. Re1 Bg7 7. c3 g4 8. Nfd2 d5 9. exd5 Nxd5 10. Ne4 f5 11. Ng3 h5 12. d4 Be6 13. dxe5 f4 14.
Bxd5 Qxd5 15. Qxd5 Bxd5 16. Bxf4 O-O-O 17. Nd2 Rdf8 18. Be3 Nxe5 19. Nde4 Nd3 20. Red1 Bxe4 21. Nxe4 Nxb2 22. Rd5 Nc4 23. Bc5 Rd8 24. Rad1 Rxd5 25. Rxd5 Re8 26. f3 gxf3 27. gxf3 b6 28. Bd4 Bxd4+ 29.
cxd4 Rd8 30. Rxh5 Rxd4 31. h4 Rd3 32. Kf2 Ra3 33. Rh8+ Kb7 34. h5 Rxa2+ 35. Kg3 Ne3 36. h6 Rg2+ 37. Kf4 Nd5+ 38. Ke5 Ne7 39. Kf6 Nd5+ 40. Ke6 Nf4+ 41. Kf5 Ne2 42. h7 Rh2 43. Ng5 a5 44. Kg4 a4 45. Nh3 Rg2+ 46. Kh4 Nd4 47.
Rf8 a3 48. h8=Q Nc6 49. Ra8 Na7 50. Rxa7+ Kxa7 51. Qd8 Kb7 52. Qd5+ Kb8 53. f4 a2 54.
Qxg2 a1=Q 55. Qg8+ Kb7 56. f5 1-0